 Dungeon Crawl Stone Soup version 0.13.0-21-ge43020b (webtiles) character file.

255 Malachi the Chucker (level 4, -3/42 HPs)
             Began as a Troll Hunter on Oct 26, 2013.
             Killed from afar by an orc wizard (6 damage)
             ... with a puff of flame
             ... on Level 3 of the Dungeon.
             The game lasted 00:02:39 (1737 turns).

Malachi the Chucker (Troll Hunter)                  Turns: 1737, Time: 00:02:39

HP  -3/42        AC  5     Str 21      XL: 4   Next: 41%
MP   1/1         EV 10     Int  7      God:
Gold 159         SH  0     Dex 10      Spells:  0 memorised,  3 levels left

Res.Fire  : . . .   See Invis. : .     - Unarmed
Res.Cold  : . . .   Warding    : .   d - +0 animal skin
Life Prot.: . . .   Conserve   : .   (shield restricted)
Res.Poison: .       Res.Corr.  : .   (helmet restricted)
Res.Elec. : .       Clarity    : .   (no cloak)
Sust.Abil.: . .     Spirit.Shd : .   (gloves unavailable)
Res.Mut.  : .       Stasis     : .   (boots unavailable)
Res.Rott. : .       Flight     : .   (no amulet)
Gourmand  : +                        (no ring)
                                     (no ring)

@: slightly resistant to hostile enchantments, unstealthy
A: unfitting armour, claws 3, fast metabolism 3, gourmand, regeneration 2,
saprovore 2, tough skin 2, AC +1
a: no special abilities


You were on level 3 of the Dungeon.
You were full.

You visited 1 branch of the dungeon, and saw 3 of its levels.

You collected 139 gold pieces.

Inventory:

Missiles
 c - 3 throwing nets (quivered)
Armour
 d - a +0 animal skin (worn)
Comestibles
 a - 3 meat rations
 l - 2 pears
 m - an apple
 q - 2 bread rations
Scrolls
 e - 3 scrolls of curse weapon {unknown}
 f - 2 scrolls of curse jewellery {unknown}
 g - 3 scrolls of identify {unknown}
 h - a scroll of amnesia {unknown}
 k - a scroll of magic mapping {unknown}
 n - 2 scrolls of teleportation {unknown}
 o - a scroll of blinking {unknown}
 r - 2 scrolls of remove curse {unknown}
 s - a scroll of fear {unknown}
 t - a scroll of noise {unknown}
Potions
 i - a potion of curing {unknown}
 j - a potion of heal wounds {unknown}


   Skills:
 + Level 1.8 Fighting
 + Level 4.0 Throwing
 + Level 2.5 Dodging
 + Level 0.6 Stealth
 * Level 2.6 Unarmed Combat


You had 3 spell levels left.
You didn't know any spells.

Dungeon Overview and Level Annotations

Branches:
Dungeon (3/27)

Altars:


Innate Abilities, Weirdness & Mutations

You are too large for most types of armour.
You have claws for hands.
Your metabolism is lightning-fast.
You like to eat raw meat.
You heal very quickly.
You can eat rotten meat.
You are covered in fur (AC +1).
You have very tough skin (AC +2).


Message History

Press: ? - help, Shift-Dir - straight line You throw a large rock.
You hear some strange, mumbled words.
The puff of flame hits you!
* * * LOW HITPOINT WARNING * * *
Throwing (i - inventory. (,) - cycle):
b - 2 large rocks (quivered)
Press: ? - help, Shift-Dir - straight line You throw a large rock.
It hits you!
* * * LOW HITPOINT WARNING * * *
Throwing (i - inventory. (,) - cycle):
b - a large rock (quivered)
Press: ? - help, Shift-Dir - straight line You throw a large rock.
You hear some strange, mumbled words.
The magic dart hits you!
* * * LOW HITPOINT WARNING * * *
You miss it.
You hear some strange, mumbled words.
A puff of flame appears from out of thin air!
The puff of flame hits you!
You die...

######### ############
#.......# #..........#
#.......# #..........#
###.......#
#..........###{@)......#
#..........##..#.......#
#..........##(##.......#
#..........##.##.......#
#..........##.##.......+
#.............##.......
#..........#####......
#..........# ######
#####.######


There were no monsters in sight!

Vanquished Creatures
  2 adders
  A worm (D:3)
  2 oozes
  2 giant geckos
  3 orcs (D:3)
  7 bats
  2 giant cockroaches (D:2)
  11 goblins
  8 hobgoblins
  4 jackals (D:1)
  4 kobolds
  A quokka (D:2)
  4 giant newts (D:1)
  9 rats
60 creatures vanquished.

Notes
Turn   | Place    | Note
--------------------------------------------------------------
     0 | D:1      | Malachi, the Troll Hunter, began the quest for the Orb.
     0 | D:1      | Reached XP level 1. HP: 20/20 MP: 0/0
   140 | D:1      | Reached XP level 2. HP: 21/28 MP: 0/0
   642 | D:1      | Reached XP level 3. HP: 35/35 MP: 1/1
   740 | D:2      | Reached skill level 4 in Throwing
  1293 | D:2      | Reached XP level 4. HP: 40/42 MP: 1/1
  1735 | D:3      | HP: 2/42 [something (7)]
  1737 | D:3      | Killed from afar by an orc wizard

Action                   |  1- 3 |  4- 6 || total
-------------------------+-------+-------++-------
Melee: Unarmed           |   137 |    29 ||   166
Throw: Large rock        |       |     5 ||     5
 Stab: Sleeping          |     3 |     1 ||     4
